 Dungeon Crawl Stone Soup version 0.24-a0-809-g71cb82dfb8 (webtiles) character file.

Game seed: 17706177856755608622, levelgen mode: deterministic

591 Gumption the Vexing (level 7, -7/52 HPs)
             Began as a Gnoll Arcane Marksman on Oct 11, 2019.
             Was a Follower of Qazlal.
             Mangled by an orc warrior
             ... wielding a +0 battleaxe
              (18 damage)
             ... on level 6 of the Dungeon.
             The game lasted 00:39:17 (5264 turns).

Gumption the Vexing (Gnoll Arcane Marksman)         Turns: 5264, Time: 00:39:18

Health: -7/52      AC: 11    Str: 12    XL:     7   Next: 39%
Magic:  12/12      EV: 11    Int: 17    God:    Qazlal [*.....]
Gold:   152        SH:  1    Dex: 16    Spells: 12/13 levels left

rFire    + . .     SeeInvis .   a - +0 hand crossbow
rCold    + + .     Gourm    .   (no shield)
rNeg     . . .     Faith    .   u - +3 scale mail
rPois    .         Spirit   .   (no helmet)
rElec    .         Reflect  .   A - scarf {rC+ rF+}
rCorr    +         Harm     .   l - +0 pair of gloves (curse)
MR       .....                  t - +0 pair of boots
Stlth    +.........             (no amulet)
HPRegen  0.17/turn              h - ring of protection from cold
MPRegen  0.13/turn              w - ring of resist corrosion

@: lethally poisoned (-7 -> -25)
A: distributed training, fangs 1, strong nose
a: Renounce Religion


You were on level 6 of the Dungeon.
You worshipped Qazlal.
Qazlal was aware of your devotion.
You were not hungry.

You visited 2 branches of the dungeon, and saw 7 of its levels.

You collected 279 gold pieces.
You spent 127 gold pieces at shops.

Inventory:

Hand Weapons
 a - a +0 hand crossbow (weapon)
 b - a +1 spear of venom
Missiles
 d - 38 bolts (quivered)
 j - 19 poisoned darts
 r - 2 atropa-tipped darts
Armour
 l - a cursed +0 pair of gloves (worn)
 t - a +0 pair of boots (worn)
 u - a +3 scale mail (worn)
 A - a scarf of resistance (worn)
Magical Staves
 v - an uncursed staff of air
Jewellery
 h - a ring of protection from cold (left hand)
 w - a ring of resist corrosion (right hand)
Wands
 f - a wand of paralysis (6)
Scrolls
 m - 2 scrolls of remove curse
 x - a scroll of identify
 y - a scroll of blinking {unknown}
Potions
 c - 3 potions of lignification
 g - 2 potions of heal wounds
 k - 2 potions of mutation
 n - a potion of curing
 o - a potion of haste
 p - a potion of brilliance
 q - a potion of magic
 s - 2 potions of invisibility
Comestibles
 e - 7 rations
 i - 7 chunks of flesh


   Skills:
 + Level 3.5 Fighting
 + Level 2.4 Short Blades
 + Level 2.4 Long Blades
 + Level 2.4 Axes
 + Level 2.4 Maces & Flails
 + Level 2.4 Polearms
 + Level 2.4 Staves
 + Level 2.4 Slings
 + Level 2.4 Bows
 + Level 5.2 Crossbows
 + Level 2.4 Throwing
 + Level 2.4 Armour
 + Level 5.2 Dodging
 + Level 2.4 Stealth
 + Level 2.4 Shields
 + Level 2.4 Unarmed Combat
 + Level 3.7 Spellcasting
 + Level 2.0 Conjurations
 + Level 5.8 Hexes
 + Level 2.0 Charms
 + Level 2.0 Summonings
 + Level 2.0 Necromancy
 + Level 2.0 Translocations
 + Level 2.0 Transmutations
 + Level 2.0 Fire Magic
 + Level 2.0 Ice Magic
 + Level 2.0 Air Magic
 + Level 2.0 Earth Magic
 + Level 2.0 Poison Magic
 + Level 2.6 Invocations
 + Level 2.4 Evocations


You had 12 spell levels left.
You knew the following spells:

 Your Spells              Type           Power        Failure   Level  Hunger
a - Corona                Hex            ###....      8%          1    None

Your spell library contained the following spells:

 Spells                   Type           Power        Failure   Level  Hunger
 Slow                     Hex            ###.....     11%         2    ##.....
 Inner Flame              Hex/Fire       ###.....     43%         3    ###....
 Portal Projectile        Hex/Tloc       ###...       43%         3    ###....
 Cause Fear               Hex            ###.......   58%         4    ####...
 Leda's Liquefaction      Hex/Erth       ###.......   85%         4    ####...


Dungeon Overview and Level Annotations

Branches:
Dungeon (6/15)             Temple (1/1) D:4

Altars:
Cheibriados
Dithmenos
Elyvilon
Gozag
Hepliaklqana
Kikubaaqudgha
Makhleb
Nemelex Xobeh
Okawaru
Qazlal
Ru
Sif Muna
Trog
Uskayaw
Vehumet
Wu Jian
Xom
Zin
The Shining One

Shops:
D:4 (   D:5 [[[[

Annotations:
D:3 2 transporters, bmfx's ghost, amateur MiCj
D:4 2 transporters


Innate Abilities, Weirdness & Mutations

Your experience applies equally to all skills.
You have very sharp teeth.
Your uncanny sense of smell can sniff out nearby items.


Message History

Your Transmutations skill increases to level 2!
Your Fire Magic skill increases to level 2!
Your Ice Magic skill increases to level 2!
Your Air Magic skill increases to level 2!
Your Earth Magic skill increases to level 2!
Your Poison Magic skill increases to level 2!
You feel sick.
The orc warrior hits you with a +0 battleaxe!
* * * LOW HITPOINT WARNING * * *
The orc hits you but does no damage.
Firing (i - inventory. (/) - cycle)
d - 39 bolts (quivered)
Press: ? - help, Shift-Dir - straight line, f - orc
Aim: an orc, wielding a -2 flail You shoot a bolt.
The bolt hits the orc!
You kill the orc!
Qazlal accepts your kill.
* * * LOW HITPOINT WARNING * * *
You feel sick.
The orc warrior hits you with a +0 battleaxe!!
You die...

∆ ∆. .( ...
##### .(..(
#...## ......
###.#..##......
#.._...@°......
#.#.#.°o§......
#.#.........###
#.............(
###........##..
#........# #
#........#
#........#
#........### ∆


You could see an orc warrior.

Vanquished Creatures
  An ogre (D:5)
  A centaur (D:5)
  A crimson imp (D:5)
  An orc priest (D:6)
  A hound (D:2)
  A jelly (D:2)
  5 worker ants
  3 gnolls (D:4)
  5 adders
  An ooze (D:2)
  An adder skeleton (D:5)
  4 worms
  5 dart slugs
  4 leopard geckos
  5 orcs
  6 bats
  5 giant cockroaches
  6 hobgoblins
  11 jackals
  A quokka (D:3)
  3 ball pythons
  5 frilled lizards
  7 goblins
  8 kobolds
  4 rats
95 creatures vanquished.

Vanquished Creatures (others)
  A plant (D:3)
1 creature vanquished.

Grand Total: 96 creatures vanquished

Notes
Turn   | Place    | Note
-------+----------+-------------------------------------------
     0 | D:1      | Gumption the Gnoll Arcane Marksman began the quest for the
                  | Orb.
     0 | D:1      | Reached XP level 1. HP: 17/17 MP: 4/4
   196 | D:1      | Reached XP level 2. HP: 23/23 MP: 5/5
   711 | D:1      | Reached XP level 3. HP: 8/28 MP: 7/7
  1545 | D:2      | Reached skill level 1 in Short Blades
  1545 | D:2      | Reached skill level 1 in Long Blades
  1545 | D:2      | Reached skill level 1 in Axes
  1545 | D:2      | Reached skill level 1 in Maces & Flails
  1545 | D:2      | Reached skill level 1 in Polearms
  1545 | D:2      | Reached skill level 1 in Staves
  1545 | D:2      | Reached skill level 1 in Slings
  1545 | D:2      | Reached skill level 1 in Bows
  1545 | D:2      | Reached skill level 1 in Throwing
  1545 | D:2      | Reached skill level 1 in Armour
  1545 | D:2      | Reached skill level 1 in Stealth
  1545 | D:2      | Reached skill level 1 in Shields
  1545 | D:2      | Reached skill level 1 in Unarmed Combat
  1545 | D:2      | Reached skill level 1 in Invocations
  1545 | D:2      | Reached skill level 1 in Evocations
  1545 | D:2      | Reached XP level 4. HP: 14/34 MP: 8/8
  1956 | D:2      | Reached skill level 1 in Conjurations
  1956 | D:2      | Reached skill level 1 in Charms
  1956 | D:2      | Reached skill level 1 in Summonings
  1956 | D:2      | Reached skill level 1 in Necromancy
  1956 | D:2      | Reached skill level 1 in Translocations
  1956 | D:2      | Reached skill level 1 in Transmutations
  1956 | D:2      | Reached skill level 1 in Fire Magic
  1956 | D:2      | Reached skill level 1 in Ice Magic
  1956 | D:2      | Reached skill level 1 in Air Magic
  1956 | D:2      | Reached skill level 1 in Earth Magic
  1956 | D:2      | Reached skill level 1 in Poison Magic
  2021 | D:2      | Reached XP level 5. HP: 40/40 MP: 9/9
  2201 | D:2      | Found a glowing golden altar of the Shining One.
  2661 | D:2      | Found a stormy altar of Qazlal.
  2676 | D:2      | Became a worshipper of Qazlal Stormbringer
  2704 | D:3      | Found a glowing golden altar of the Shining One.
  3005 | D:3      | Found a transporter.
  3005 | D:3      | Found a transporter.
  3011 | D:3      | Identified the cursed +0 spear "Nilof" {chaos, Dex+2}
  3487 | D:3      | Noticed bmfx's ghost (amateur MiCj)
  3536 | D:4      | Reached XP level 6. HP: 46/47 MP: 10/10
  3581 | D:4      | Found Pycuseub's Weapon Emporium.
  3637 | D:4      | Found a transporter.
  3664 | D:4      | Found a transporter.
  4199 | D:4      | Found a staircase to the Ecumenical Temple.
  4233 | Temple   | Entered the Ecumenical Temple
  4428 | D:5      | Entered Level 5 of the Dungeon
  4533 | D:5      | Found Hurpha's Antique Armour Boutique.
  4538 | D:5      | Found Uzeuhicim's Armour Shoppe.
  4570 | D:5      | Learned a level 1 spell: Corona
  4623 | D:5      | Reached skill level 5 in Crossbows
  4623 | D:5      | Reached skill level 5 in Dodging
  4729 | D:5      | Found Wisobrax's Antique Armour Shop.
  4738 | D:5      | Bought a pair of glowing gloves for 127 gold pieces
  4850 | D:5      | Reached XP level 7. HP: 51/52 MP: 12/12
  5021 | D:5      | Found Mait's Antique Armour Emporium.
  5238 | D:6      | Found an iron altar of Okawaru.
  5259 | D:6      | Reached * piety under Qazlal
  5264 | D:6      | Mangled by an orc warrior

Levels and vault maps discovered:
D:1:      ebering_trefoil_twist, layout_basic
D:2:      layout_basic, lemuel_coloured_pillars_altar, first_ration,
          nicolae_tso_carved_into_rock
D:3:      layout_basic, lemuel_crystal_altar, gammafunk_ghost_gnarly_gnolls
D:4:      gammafunk_steamed_eel, layout_loops_ring,
          minmay_temple_entry_poolview, serial_shops, kennysheep_mini_moat
D:5:      layout_rooms, serial_shops, shop_fountains, shop, shop, shop
D:6:      minmay_evil_eye, layout_gridville, lemuel_crystal_altar,
          gammafunk_ghost_smash
Temple:   nicolae_temple_elliptical

Skill      XL: |  1  2  3  4  5  6  7 |
---------------+----------------------+-----
Short Blades   | 1 2 |  2.4
Long Blades    | 1 2 |  2.4
Axes           | 1 2 |  2.4
Maces & Flails | 1 2 |  2.4
Polearms       | 1 2 |  2.4
Staves         | 1 2 |  2.4
Slings         | 1 2 |  2.4
Bows           | 1 2 |  2.4
Throwing       | 1 2 |  2.4
Armour         | 1 2 |  2.4
Stealth        | 1 2 |  2.4
Shields        | 1 2 |  2.4
Unarmed Combat | 1 2 |  2.4
Invocations    | 1 2 |  2.6
Evocations     | 1 2 |  2.4
Spellcasting   | 3 |  3.7
Conjurations   | 1 2 |  2.0
Charms         | 1 2 |  2.0
Summonings     | 1 2 |  2.0
Necromancy     | 1 2 |  2.0
Translocations | 1 2 |  2.0
Transmutations | 1 2 |  2.0
Fire Magic     | 1 2 |  2.0
Ice Magic      | 1 2 |  2.0
Air Magic      | 1 2 |  2.0
Earth Magic    | 1 2 |  2.0
Poison Magic   | 1 2 |  2.0
Fighting       | 3 |  3.5
Crossbows      | 5 |  5.2
Dodging        | 5 |  5.2
Hexes          | |  5.8

Action                   |  1- 3 |  4- 6 |  7- 9 || total
-------------------------+-------+-------+-------++-------
Melee: Short sword       |    70 |    81 |       ||   151
       Dagger            |    21 |       |       ||    21
       Bite              |    12 |    18 |     3 ||    33
       Spear             |       |    38 |    14 ||    52
 Fire: Hand crossbow     |    25 |   106 |    13 ||   144
Throw: Stone             |     4 |       |       ||     4
 Cast: Corona            |       |       |     4 ||     4
  Use: Scroll            |       |    10 |     2 ||    12
  Eat: Chunk             |     2 |     8 |       ||    10
       Ration            |       |     1 |       ||     1
Armor: Robe              |     1 |       |       ||     1
       Chain mail        |    59 |    69 |       ||   128
       Scale mail        |       |    14 |     8 ||    22
Dodge: Dodged            |    54 |    80 |    12 ||   146

Table legend:
 A = Non-vault XP
 B = Vault XP
 C = Vault XP percentage of total XP
 D = Non-vault monster count
 E = Vault monster count
 F = Vault count percentage of total count
                 A         B        C        D         E       F
            +---------+---------+-------+---------+---------+-------
      Total |     845 |       0 |   0.0 |      95 |       0 |   0.0
            +---------+---------+-------+---------+---------+-------
        D:1 |      46 |       0 |   0.0 |      23 |       0 |   0.0
        D:2 |     225 |       0 |   0.0 |      38 |       0 |   0.0
        D:3 |      42 |       0 |   0.0 |      11 |       0 |   0.0
        D:4 |      58 |       0 |   0.0 |       8 |       0 |   0.0
        D:5 |     394 |       0 |   0.0 |      11 |       0 |   0.0
        D:6 |      80 |       0 |   0.0 |       4 |       0 |   0.0
            +---------+---------+-------+---------+---------+-------
